MLB
NEW YORK METS @ PHILADELPHIA PHILLIES
03/20/2068
 
TOP OF THE 1ST
New York Mets batting - Pitching for Philadelphia Phillies : RHP Felix Valdez
Pitching: RHP Felix Valdez
Batting: LHB Jonathan Leahy 0-0: Ball
1-0: Called Strike
1-1: Foul Ball, location: 2F
1-2: Foul Ball, location: 2F
1-2: Strikes out swinging
Batting: RHB Dan Latterell 0-0: Ball
1-0: Fly out, F3 (Popup, 3F, EV 79.4 MPH)
Batting: RHB Miguel Leon 0-0: Ball
1-0: Swinging Strike
1-1: Foul Ball, location: 2F
1-2: Ball
2-2: Ground out 6-3 (Groundball, 6, EV 88.1 MPH)
Top of the 1st over - 0 runs, 0 hits, 0 errors, 0 left on base; New York 0 - Philadelphia 0
BOTTOM OF THE 1ST
Philadelphia Phillies batting - Pitching for New York Mets : RHP Mannus Heideman
Pitching: RHP Mannus Heideman
Batting: LHB Bruce Gentry 0-0: Ball
1-0: Foul Ball, location: 2F
1-1: Fly out, F8 (Line Drive, 8LD, EV 82.5 MPH)
Batting: RHB Jose Moreno 0-0: Called Strike
0-1: Ball
1-1: Ball
2-1: SINGLE (Groundball, 6S, EV 68.1 MPH) (infield hit)
Batting: LHB Dave Valdivia 0-0: Called Strike
0-1: Fly out, F4 (Popup, 34, EV 68.1 MPH)
Batting: LHB Joe Keller 0-0: Ball
Jose Moreno steals 2nd base
1-0: Ground out U3 (Groundball, 3, EV 92.5 MPH)
Bottom of the 1st over - 0 runs, 1 hit, 0 errors, 1 left on base; New York 0 - Philadelphia 0
TOP OF THE 2ND
New York Mets batting - Pitching for Philadelphia Phillies : RHP Felix Valdez
Batting: RHB Chad Sweeney 0-0: Swinging Strike
0-1: Swinging Strike
0-2: Ball
1-2: Strikes out swinging
Batting: LHB Ulbrecht Arnold 0-0: Ball
1-0: Ball
2-0: Ground out 6-3 (Groundball, 6M, EV 105.6 MPH)
Batting: LHB Justin Riley 0-0: Foul Ball, location: 2F
0-1: Called Strike
0-2: Ball
1-2: Ball
2-2: Ball
3-2: Base on Balls
Batting: RHB Alex Ramirez 0-0: Called Strike
0-1: Ball
1-1: Ball
2-1: SINGLE (Groundball, P, EV 89.4 MPH) (infield hit)
Justin Riley to second
Batting: LHB Patrido Mendoza 0-0: Ball
1-0: Called Strike
1-1: Foul Ball, location: 2F
1-2: Ball
2-2: Strikes out looking
Top of the 2nd over - 0 runs, 1 hit, 0 errors, 2 left on base; New York 0 - Philadelphia 0
BOTTOM OF THE 2ND
Philadelphia Phillies batting - Pitching for New York Mets : RHP Mannus Heideman
Batting: RHB Jonathan Vera 0-0: Called Strike
0-1: Swinging Strike
0-2: Ball
1-2: Ball
2-2: Foul Ball, location: 2F
2-2: SINGLE (Flyball, 7LS, EV 90.6 MPH)
Batting: RHB Steve Slocum 0-0: Called Strike
0-1: Foul Ball, location: 2F
0-2: Ball
1-2: Ball
2-2: Ball
3-2: Fly out, F3 (Popup, 13, EV 87.5 MPH)
Batting: RHB Nate Oliver 0-0: Foul Ball, location: 2F
0-1: Ball
1-1: Ball
Jonathan Vera steals 2nd base
2-1: Swinging Strike
2-2: Ball
3-2: Foul Ball, location: 2F
3-2: Ground out 5-3 (Groundball, 56S, EV 89.4 MPH)
Batting: RHB Sean Williams 0-0: Called Strike
0-1: Foul Ball, location: 2F
0-2: Ball
1-2: Foul Ball, location: 2F
1-2: Ball
2-2: Fly out, F8 (Flyball, 8RXD, EV 91.9 MPH)
Bottom of the 2nd over - 0 runs, 1 hit, 0 errors, 1 left on base; New York 0 - Philadelphia 0
TOP OF THE 3RD
New York Mets batting - Pitching for Philadelphia Phillies : RHP Felix Valdez
Batting: SHB Edgar Saenz 0-0: Called Strike
0-1: Foul Ball, location: 2F
0-2: Ball
1-2: Ball
2-2: Ball
3-2: Strikes out swinging
Batting: LHB Jonathan Leahy 0-0: Ball
1-0: Ball
2-0: DOUBLE (Line Drive, 8LXD, EV 108.1 MPH)
Batting: RHB Dan Latterell 0-0: Called Strike
0-1: Foul Ball, location: 2F
0-2: Foul Ball, location: 2F
0-2: Ball
1-2: Foul Ball, location: 2F
1-2: Strikes out swinging
Batting: RHB Miguel Leon 0-0: Ball
1-0: Called Strike
1-1: Ball
2-1: Ball
3-1: Base on Balls
Batting: RHB Chad Sweeney 0-0: Called Strike
0-1: Fielders Choice at 2nd, 6-4 (Groundball, 6, EV 78.8 MPH)
Top of the 3rd over - 0 runs, 1 hit, 0 errors, 2 left on base; New York 0 - Philadelphia 0
BOTTOM OF THE 3RD
Philadelphia Phillies batting - Pitching for New York Mets : RHP Mannus Heideman
Batting: RHB Jeff Page 0-0: Ball
1-0: Ball
2-0: Fly out, F8 (Flyball, 8LS, EV 85.0 MPH)
Batting: LHB Bruce Gentry 0-0: Called Strike
0-1: Ground out 4-3 (Groundball, 4, EV 85.0 MPH)
Batting: RHB Jose Moreno 0-0: Ball
1-0: Fly out, F4 (Popup, 4, EV 77.5 MPH)
Bottom of the 3rd over - 0 runs, 0 hits, 0 errors, 0 left on base; New York 0 - Philadelphia 0
TOP OF THE 4TH
New York Mets batting - Pitching for Philadelphia Phillies : RHP Felix Valdez
Batting: LHB Ulbrecht Arnold 0-0: Ball
1-0: Ground out 5-3 (Groundball, 56, EV 100.0 MPH)
Batting: LHB Justin Riley 0-0: Called Strike
0-1: Ball
1-1: Ball
2-1: SINGLE (Groundball, 4M, EV 102.5 MPH)
Batting: RHB Alex Ramirez 0-0: Swinging Strike
0-1: Ball
1-1: Foul Ball, location: 2F
1-2: Ball
2-2: DOUBLE (Line Drive, 78D, EV 103.1 MPH)
Justin Riley to third
Runner from 3rd tries for Home, SAFE, throw by CF to home
Batting: LHB Patrido Mendoza 0-0: Called Strike
Alex Ramirez steals 3rd base
0-1: Ball
1-1: Foul Ball, location: 2F
1-2: Ground out 1-3 (Groundball, 15S, EV 70.6 MPH)
Batting: SHB Edgar Saenz 0-0: Called Strike
0-1: Ground out 4-3 (Groundball, 4, EV 106.2 MPH)
Top of the 4th over - 1 run, 2 hits, 0 errors, 1 left on base; New York 1 - Philadelphia 0
BOTTOM OF THE 4TH
Philadelphia Phillies batting - Pitching for New York Mets : RHP Mannus Heideman
Batting: LHB Dave Valdivia 0-0: Ball
1-0: Ball
2-0: Called Strike
2-1: Ball
3-1: DOUBLE (Flyball, 8LXD, EV 93.1 MPH)
Batting: LHB Joe Keller 0-0: Ball
1-0: Foul Ball, location: 2F
1-1: Ball
2-1: Ball
3-1: Base on Balls
Pitching: RHP Kyle Tranberg
Batting: RHB Jonathan Vera 0-0: SINGLE (Groundball, 25, EV 70.0 MPH) (infield hit)
Dave Valdivia to third
Joe Keller to second
Batting: RHB Steve Slocum 0-0: Foul Ball, location: 2F
0-1: Foul Ball, location: 2F
0-2: Ball
1-2: Ball
2-2: Ball
3-2: DOUBLE (Line Drive, 78D, EV 108.8 MPH)
Dave Valdivia scores
Joe Keller scores
Jonathan Vera to third
Runner from 3rd tries for Home, SAFE, throw by CF to trailing runner, SAFE at third!
Batting: RHB Nate Oliver 0-0: Foul Ball, location: 2F
0-1: Swinging Strike
0-2: Fly out, F8 (Line Drive, 8LM, EV 90.6 MPH)
Runner from 3rd tags up, OUT at HOME! 8-2
Batting: RHB Sean Williams 0-0: Ball
1-0: Swinging Strike
1-1: Ground out 4-3 (Groundball, 4, EV 92.5 MPH)
Bottom of the 4th over - 3 runs, 3 hits, 0 errors, 0 left on base; New York 1 - Philadelphia 3
TOP OF THE 5TH
New York Mets batting - Pitching for Philadelphia Phillies : RHP Felix Valdez
Pitching: RHP Jose Anguiano
Batting: LHB Jonathan Leahy 0-0: Called Strike
0-1: Ball
1-1: Swinging Strike
1-2: Strikes out swinging
Batting: RHB Dan Latterell 0-0: Ball
1-0: Fly out, F5 (Flyball, 5D, EV 92.5 MPH)
Batting: RHB Miguel Leon 0-0: Ball
1-0: Fly out, F7 (Line Drive, 7, EV 88.1 MPH)
Top of the 5th over - 0 runs, 0 hits, 0 errors, 0 left on base; New York 1 - Philadelphia 3
BOTTOM OF THE 5TH
Philadelphia Phillies batting - Pitching for New York Mets : RHP Kyle Tranberg
Batting: RHB Jeff Page 0-0: Called Strike
0-1: Swinging Strike
0-2: Foul Ball, location: 2F
0-2: Foul Ball, location: 2F
0-2: Ball
1-2: Fly out, F9 (Flyball, 9LM, EV 78.8 MPH)
Batting: LHB Bruce Gentry 0-0: Swinging Strike
0-1: Ground out 6-3 (Groundball, 6, EV 103.8 MPH)
Pitching: RHP Paul Dragone
Batting: RHB Jose Moreno 0-0: Ball
1-0: Ball
2-0: Called Strike
2-1: Foul Ball, location: 2F
2-2: Foul Ball, location: 2F
2-2: Ball
3-2: Strikes out swinging
Bottom of the 5th over - 0 runs, 0 hits, 0 errors, 0 left on base; New York 1 - Philadelphia 3
TOP OF THE 6TH
New York Mets batting - Pitching for Philadelphia Phillies : RHP Jose Anguiano
Pitching: LHP Matthew Dress
Batting: RHB Chad Sweeney 0-0: Ball
1-0: Ball
2-0: SINGLE (Groundball, 56D, EV 93.8 MPH)
Batting: LHB Ulbrecht Arnold 0-0: Called Strike
0-1: Ball
1-1: Swinging Strike
1-2: Strikes out swinging
Pinch Hitting: SHB Raul Campos 0-0: Called Strike
0-1: Called Strike
0-2: Strikes out swinging
Batting: RHB Alex Ramirez 0-0: Ball
1-0: Called Strike
1-1: DOUBLE (Flyball, 78D, EV 115.0 MPH)
Chad Sweeney to third
Pinch Hitting: RHB Jon Cleary 0-0: Ball
1-0: Called Strike
1-1: Ground out 5-3 (Groundball, 5, EV 101.9 MPH)
Top of the 6th over - 0 runs, 2 hits, 0 errors, 2 left on base; New York 1 - Philadelphia 3
BOTTOM OF THE 6TH
Philadelphia Phillies batting - Pitching for New York Mets : RHP Paul Dragone
Now at 2B: Alex Fernandez
Now in LF: Raul Campos
Batting: LHB Dave Valdivia 0-0: Called Strike
0-1: Swinging Strike
0-2: Ball
1-2: Ball
2-2: Ball
3-2: Strikes out swinging
Batting: LHB Joe Keller 0-0: Ball
1-0: Foul Ball, location: 2F
1-1: Swinging Strike
1-2: Ball
2-2: Strikes out looking
Batting: RHB Jonathan Vera 0-0: Ground out 4-3 (Groundball, 4, EV 79.4 MPH)
Bottom of the 6th over - 0 runs, 0 hits, 0 errors, 0 left on base; New York 1 - Philadelphia 3
TOP OF THE 7TH
New York Mets batting - Pitching for Philadelphia Phillies : LHP Matthew Dress
Batting: SHB Edgar Saenz 0-0: Called Strike
0-1: Called Strike
0-2: Strikes out swinging
Pinch Hitting: RHB Françisquo Beja 0-0: Ball
1-0: Ball
2-0: Called Strike
2-1: Ball
3-1: SINGLE (Groundball, 56D, EV 100.0 MPH)
Pitching: RHP Danny Zepeda
Pinch Hitting: LHB Mike Lumbley 0-0: Foul Ball, location: 2F
0-1: Swinging Strike
0-2: Ball
1-2: Foul Ball, location: 2F
1-2: Foul Ball, location: 2F
1-2: Foul Ball, location: 2F
1-2: Ball
Françisquo Beja steals 2nd base
2-2: Strikes out swinging
Batting: RHB Miguel Leon 0-0: Ball
1-0: DOUBLE (Flyball, 8RXD, EV 111.9 MPH)
Françisquo Beja scores
Batting: RHB Victor Ramos 0-0: Ground out 5-3 (Groundball, 56, EV 81.9 MPH)
Top of the 7th over - 1 run, 2 hits, 0 errors, 1 left on base; New York 2 - Philadelphia 3
BOTTOM OF THE 7TH
Philadelphia Phillies batting - Pitching for New York Mets : RHP Paul Dragone
Now at 1B: Mike Lumbley
Now in CF: Françisquo Beja
Batting: RHB Steve Slocum 0-0: Ball
1-0: Foul Ball, location: 2F
1-1: Reached on error, E3 (Groundball, 34S, EV 84.4 MPH)
Pitching: RHP David Dawson
Batting: RHB Nate Oliver 0-0: Sac Bunt to 15S - play at first, batter OUT! 1-4
Steve Slocum to second
Batting: RHB Sean Williams 0-0: Ball
1-0: Foul Ball, location: 2F
1-1: Ball
2-1: Ball
3-1: Swinging Strike
3-2: Foul Ball, location: 2F
3-2: Ground out 4-3 (Groundball, 4MS, EV 93.8 MPH)
Steve Slocum to third
Batting: RHB Jeff Page 0-0: Called Strike
0-1: Ball
1-1: Called Strike
1-2: Strikes out looking
Bottom of the 7th over - 0 runs, 0 hits, 1 error, 1 left on base; New York 2 - Philadelphia 3
TOP OF THE 8TH
New York Mets batting - Pitching for Philadelphia Phillies : RHP Danny Zepeda
Batting: LHB Ulbrecht Arnold 0-0: Ball
1-0: Ball
2-0: Called Strike
2-1: Called Strike
2-2: Strikes out swinging
Batting: SHB Raul Campos 0-0: Ball
1-0: Fly out, F9 (Flyball, 89S, EV 79.4 MPH)
Pinch Hitting: RHB Oscar Estrada 0-0: Ball
1-0: Ground out 6-3 (Groundball, 56S, EV 86.2 MPH)
Top of the 8th over - 0 runs, 0 hits, 0 errors, 0 left on base; New York 2 - Philadelphia 3
BOTTOM OF THE 8TH
Philadelphia Phillies batting - Pitching for New York Mets : RHP David Dawson
Now at SS: Oscar Estrada
Pinch Hitting: LHB Andy Nielsen 0-0: Ball
1-0: Fly out, F6 (Popup, 6S, EV 88.1 MPH)
Pinch Hitting: RHB Ricky Urrutia 0-0: SOLO HOME RUN (Flyball, 78XD, EV 116.9 MPH), Distance : 487 ft
Batting: LHB Dave Valdivia 0-0: Fly out, F8 (Flyball, 8RM, EV 95.0 MPH)
Batting: LHB Ryan Hemmerly 0-0: Called Strike
0-1: Foul Ball, location: 2F
0-2: Ground out U3 (Groundball, 34, EV 100.6 MPH)
Bottom of the 8th over - 1 run, 1 hit, 0 errors, 0 left on base; New York 2 - Philadelphia 4
TOP OF THE 9TH
New York Mets batting - Pitching for Philadelphia Phillies : RHP Danny Zepeda
Pitching: RHP Chris Sullivan
Now in LF: Ricky Urrutia
Now in RF: Andy Nielsen
Batting: LHB Alex Fernandez 0-0: Foul Ball, location: 2F
0-1: Ground out 4-3 (Groundball, 34, EV 82.5 MPH)
Batting: SHB Edgar Saenz 0-0: Called Strike
0-1: Swinging Strike
0-2: Ball
1-2: Ball
2-2: Strikes out looking
Batting: RHB Françisquo Beja 0-0: Swinging Strike
0-1: Foul Ball, location: 2F
0-2: Strikes out swinging
Top of the 9th over - 0 runs, 0 hits, 0 errors, 0 left on base; New York 2 - Philadelphia 4
Saturday, June 5th , 2021 - OOTP Baseball 22.5 Build 54